 Dungeon Crawl Stone Soup version 0.30-a0-371-gad7725a93e (webtiles) character file.

Game seed: 10825971651064396433

141 leviel the Trooper (level 5, -5/47 HPs)
             Began as a Hill Orc Fighter on Nov 22, 2022.
             Killed by divine providence
             ... invoked by an orc priest
              (10 damage)
             ... on level 3 of the Dungeon.
             The game lasted 00:01:56 (2340 turns).

leviel the Trooper (Hill Orc Fighter)               Turns: 2340, Time: 00:01:57

Health: -5/47      AC:  7    Str: 25    XL:     5   Next: 24%
Magic:  5/5        EV:  8    Int:  5    God:
Gold:   158        SH:  8    Dex:  9    Spells: 4/4 levels left

rFire   . . .      SeeInvis .    a - +0 war axe
rCold   . . .      Faith    .    j - +0 kite shield
rNeg    . . .      Spirit   .    b - +0 scale mail
rPois   .          Reflect  .    (no helmet)
rElec   .          Harm     .    (no cloak)
rCorr   .          Rampage  .    (no gloves)
Will    .....                    (no boots)
Stlth   ..........               (no amulet)
HPRegen 0.27/turn                (no ring)
MPRegen 0.09/turn                (no ring)

@: unable to read
A: dopey 1, strong 1, inability to read after injury 1
a: Convert to Beogh


You were on level 3 of the Dungeon.
You visited 1 branch of the dungeon, and saw 3 of its levels.

You collected 158 gold pieces.

Inventory:

Hand Weapons
 a - a +0 war axe (weapon)
Missiles
 k - 2 datura-tipped darts (quivered)
Armour
 b - a +0 scale mail (worn)
 j - a +0 kite shield (worn)
Jewellery
 c - a ring of protection from fire
 l - an amulet of magic regeneration
Scrolls
 e - a scroll of fear {unknown}
 g - 3 scrolls of identify {@r1}
Potions
 d - 2 potions of might
 f - a potion of berserk rage
 h - a potion of lignification {unknown}
 i - a potion of curing {unknown}
 m - a potion of brilliance {unknown}


   Skills:
 + Level 4.6 Fighting
 + Level 4.1 Axes
 + Level 4.3 Armour
 + Level 4.2 Shields


You had 4 spell levels left.
You didn't know any spells.
Your spell library was empty.

Dungeon Overview and Level Annotations

Branches:
Dungeon (3/15)

Altars:


Innate Abilities, Weirdness & Mutations

You are dopey. (Int -2)
Your muscles are strong. (Str +4, Int/Dex -1)
You occasionally lose the ability to read scrolls when taking damage.


Message History

The orc wizard casts a spell.
The orc wizard flickers and vanishes!
Deactivating autopickup; reactivate with Ctrl-A.
You block the orc's attack. Something hits you but does no damage.
You have reached level 5!
You feel stronger.
You hit the orc.
The orc is severely wounded.
You closely miss something.
The orc priest shouts, "Surrender to Beogh and we'll let you live!"
Something hits you. The orc hits you with a +0 dagger.
The orc priest shouts, "Surrender to Beogh and we'll let you live!"
You hit the orc but do no damage.
The orc is severely wounded.
You barely miss something.
The orc priest shouts, "Beogh is our master!
Accept the truth or die!"
Something hits you but does no damage. The orc hits you with a +0 dagger.
You block something's attack.
The orc priest calls upon Beogh to heal the orc.
The orc's wounds heal themselves!
The orc barely misses you.
You barely miss the orc. You closely miss something.
Something hits you but does no damage. The orc hits you with a +0 dagger.
You barely miss the orc. You miss something.
The orc hits you but does no damage. Something hits you but does no damage.
You block the orc's attack. Something hits you but does no damage.
The orc priest invokes the aid of Beogh against you.
Beogh smites you!
You feel threatened and lose the ability to read scrolls!
* * * LOW HITPOINT WARNING * * *
You slash the orc!
You kill the orc!
You hit something but do no damage. Something hits you but does no damage.
You barely miss the orc priest.
The orc priest is severely wounded.
You closely miss something. Something hits you.
* * * LOW HITPOINT WARNING * * *
The orc priest looks satisfied for a moment.
Something hits you but does no damage.
The orc priest invokes the aid of Beogh against you.
Beogh smites you!
You die...

...................####.........
.######.########...#####........
...##...^. #...##....#......
##........# #......####......
..........######........# .....
.......>.......#...####.# #..##
.................######## ...#
................##.....# ..#
..........$.....@o.....#
..........#######{.....#
.....#### ......# ###### #.....#
.....# ######


You could see an orc priest.

Vanquished Creatures
  An orc priest (D:3)
  3 adders
  4 worms (D:2)
  3 dart slugs
  7 orcs (D:3)
  An endoplasm (D:2)
  A giant cockroach (D:2)
  7 goblins
  10 hobgoblins
  2 jackals (D:2)
  4 kobolds
  2 quokkas
  3 ball pythons
  4 bats
  2 frilled lizards
  2 rats (D:2)
56 creatures vanquished.

Notes
Turn   | Place    | Note
-------+----------+-------------------------------------------
     0 | D:1      | leviel the Hill Orc Fighter began the quest for the Orb.
     0 | D:1      | Reached XP level 1. HP: 19/19 MP: 1/1
   502 | D:1      | Reached XP level 2. HP: 27/27 MP: 2/2
   597 | D:1      | Found a faded altar of an unknown god.
   949 | D:2      | Gained mutation: Your muscles are strong. (Str +4, Int/Dex
                  | -1) [potion of mutation]
   949 | D:2      | Gained mutation: You are dopey. (Int -2) [potion of
                  | mutation]
   949 | D:2      | Gained mutation: You occasionally lose the ability to read
                  | scrolls when taking damage. [potion of mutation]
   964 | D:2      | Reached XP level 3. HP: 33/33 MP: 3/3
  1456 | D:2      | Reached XP level 4. HP: 39/40 MP: 4/4
  2335 | D:3      | Reached XP level 5. HP: 24/47 MP: 5/5
  2340 | D:3      | Killed from afar by an orc priest

Illustrated notes

Levels and vault maps discovered:
D:1:      eino_arrival_tree_alley, layout_loops_corners,
          hellmonk_ecumenical_altar_leap_of_faith
D:2:      cheibrodos_greedy_goblins, layout_basic
D:3:      layout_rooms, nicolae_dithmenos_the_darkroom, serial_shops,
          nicolae_shop_trees, ebering_ghost_inner_flame

Skill      XL: |  1  2  3  4 |
---------------+-------------+-----
Axes           | 3 4 |  4.1
Fighting       | 4 |  4.6
Armour         | 4 |  4.3
Shields        | 4 |  4.2

Action                   |  1- 3 |  4- 6 || total
-------------------------+-------+-------++-------
Melee: War axe           |    97 |    59 ||   156
  Use: Scroll            |     5 |       ||     5
       Potion            |     1 |       ||     1
Armor: Scale mail        |    49 |    41 ||    90
Dodge: Dodged            |    37 |    16 ||    53
Block: Kite shield       |    47 |    29 ||    76
       Buckler           |     2 |       ||     2

Table legend: (Time is in decaauts)
 A = Elapsed time spent in this place.
 B = Non-inter-level travel time spent in this place.
 C = Inter-level travel time spent in this place.
 D = Time resting spent in this place.
 E = Time spent auto-exploring this place.
 F = Levels seen in this place.
 G = Mean time per level.
                   A        B        C        D        E       F      G
               +--------+--------+--------+--------+--------+-----+--------+
         Total |   2414 |   2299 |    115 |      0 |   1902 |   3 |  804.7 |
       Dungeon |   2414 |   2299 |    115 |      0 |   1902 |   3 |  804.7 |
               +--------+--------+--------+--------+--------+-----+--------+

Top non-repeatable levels by time:
     D:2: 1324 daAuts
     D:1: 868 daAuts
     D:3: 222 daAuts
